 Dungeon Crawl Stone Soup version 0.20.0-10-g0535bb4 (webtiles) character file.

465 zhorgal the Firebug (level 6, -4/76 HPs)
             Began as a Draconian Fire Elementalist on June 3, 2017.
             Was an Initiate of Vehumet.
             Killed by divine providence
             ... invoked by an orc priest
              (11 damage)
             ... on level 4 of the Dungeon.
             The game lasted 00:30:22 (5389 turns).

zhorgal the Firebug (Draconian Fire Elementalist)   Turns: 5389, Time: 00:30:22

Health: -4/76      AC:  6    Str: 15    XL:     6   Next: 80%
Magic:  5/9        EV: 12    Int: 18    God:    Vehumet [......]
Gold:   188        SH:  0    Dex: 11    Spells: 1/9 levels left

rFire    . . .     SeeInvis .   e - +0 spear
rCold    . . .     Gourm    .   (no shield)
rNeg     . . .     Faith    .   (armour unavailable)
rPois    .         Spirit   .   (helmet restricted)
rElec    .         Reflect  .   (no cloak)
rCorr    .         Harm     .   (no gloves)
MR       .....                  (no boots)
Stlth    ..........             (no amulet)
Regen    0.3/turn               (no ring)
MPRegen  0.2/turn               (no ring)

@: berserking, very quick
A: unfitting armour, cold-blooded, AC +6
a: Renounce Religion


You were on level 4 of the Dungeon.
You worshipped Vehumet.
Vehumet was noncommittal.
You were not hungry.

You visited 1 branch of the dungeon, and saw 4 of its levels.

You collected 188 gold pieces.

Inventory:

Hand Weapons
 d - a +0 dagger
 e - a +0 spear (weapon)
Jewellery
 r - an uncursed ring of wizardry {unknown}
 t - an uncursed ring of magical power {unknown}
Scrolls
 c - 3 scrolls of teleportation {unknown}
 f - 4 scrolls of blinking {unknown}
 h - 4 scrolls of remove curse {unknown}
 i - 4 scrolls of recharging {unknown}
 k - 4 scrolls of identify {unknown}
 n - 2 scrolls of enchant weapon {unknown}
Potions
 g - 2 potions of flight {unknown}
 j - 2 potions of haste {unknown}
 m - 2 potions of curing {unknown}
 o - 2 potions of agility {unknown}
 q - a potion of cancellation {unknown}
 w - a potion of berserk rage
 x - a potion of invisibility {unknown}
Books
 a - a book of Flames

   Spells                             Type                      Level
   a - Flame Tongue                   Conjuration/Fire             1
   b - Throw Flame                    Conjuration/Fire             2
   c - Conjure Flame                  Conjuration/Fire             3
   d - Inner Flame                    Hexes/Fire                   3
   e - Sticky Flame                   Conjuration/Fire             4
   f - Fireball                       Conjuration/Fire             5
Comestibles
 b - 4 bread rations
 l - 2 fruits
 u - a royal jelly
 v - 4 chunks of flesh


   Skills:
 + Level 3.4 Fighting
 - Level 1.7 Dodging
 - Level 1.7 Stealth
 - Level 2.0 Spellcasting
 * Level 4.8 Conjurations
 - Level 5.0 Fire Magic


You had one spell level left.
You knew the following spells:

 Your Spells              Type           Power        Failure   Level  Hunger
a - Flame Tongue          Conj/Fire      ###..        2%          1    #......
b - Conjure Flame         Conj/Fire      ###.....     7%          3    ###....
c - Sticky Flame          Conj/Fire      ###.....     24%         4    #####..


Dungeon Overview and Level Annotations

Branches:
Dungeon (4/15)
 Temple: D:4-7

Altars:
Trog
Uskayaw
Vehumet
Zin
The Shining One


Innate Abilities, Weirdness & Mutations

Your plain brown scales are hard. (AC +6)
You cannot fit into any form of body armour.
You are cold-blooded and may be slowed by cold attacks.


Message History

You aren't carrying any armour which can be enchanted further.
Something hits you.
* * * LOW HITPOINT WARNING * * *
It was a potion of berserk rage.
A red film seems to cover your vision as you go berserk!
You feel yourself moving faster!
You feel mighty! Something hits you but does no damage.
You hit something. You closely miss something. You tail-slap something.
Something barely misses you.
You closely miss something.
The orc priest casts a cantrip, but nothing happens.
Something hits you but does no damage.
You hit something. Vehumet accepts your kill.
Reactivating autopickup.
You feel a bit more experienced.
The orc priest calls down the wrath of Beogh upon you.
Beogh smites you!
You die...

..%.....% .......#
#......[# #.....# #.......#
#.....###
#.......######........
+.....................
#####.o...................
#........oo...............#
..#.# #)######.#........
...#.# #@# ##.#..[..##..
.....#.# #.# ##.#...##.....
.......#.#
#.###.#....####...
........#.##.##.#.....#
####.
##.......#.#.#.#......#
#.... #.
.........#.#.#.......#
#....
##.###........#.#.(......#
#....
.............[#.........#
#....
#............#......##.#
###.#


You could see an orc priest and an orc.

Vanquished Creatures
  An ogre (D:4)
  2 orc priests
  2 orc wizards (D:4)
  Terence (D:3)
  2 worker ants (D:4)
  7 adders
  An adder skeleton (D:4)
  5 worms
  3 dart slugs
  4 leopard geckos
  10 orcs
  13 bats
  4 giant cockroaches
  12 goblins
  5 hobgoblins
  6 jackals
  9 kobolds
  3 quokkas
  A ball python (D:3)
  9 frilled lizards
  A leopard gecko skeleton (D:4)
  11 rats
112 creatures vanquished.

Vanquished Creatures (others)
  A worm (D:3)
1 creature vanquished.

Grand Total: 113 creatures vanquished

Notes
Turn   | Place    | Note
-------+----------+-------------------------------------------
     0 | D:1      | zhorgal the Draconian Fire Elementalist began the quest for the Orb.
     0 | D:1      | Reached XP level 1. HP: 14/14 MP: 3/3
   270 | D:1      | Reached XP level 2. HP: 20/20 MP: 5/5
   452 | D:1      | Reached skill level 4 in Fire Magic
   774 | D:1      | Reached XP level 3. HP: 26/26 MP: 6/6
  1779 | D:2      | Found a hide-covered altar of Uskayaw.
  1969 | D:2      | Reached XP level 4. HP: 33/33 MP: 4/7
  2022 | D:2      | Reached skill level 5 in Fire Magic
  2659 | D:3      | Noticed Terence
  2667 | D:3      | Learned a level 3 spell: Conjure Flame
  2679 | D:3      | Killed Terence
  2679 | D:3      | Reached skill level 1 in Fighting
  2806 | D:3      | Reached XP level 5. HP: 40/40 MP: 5/8
  3085 | D:3      | Found a radiant altar of Vehumet.
  3472 | D:3      | Found a glowing silver altar of Zin.
  3648 | D:3      | Became a worshipper of Vehumet
  3833 | D:4      | Learned a level 4 spell: Sticky Flame
  3843 | D:4      | Noticed a moth of wrath
  3846 | D:4      | Found a bloodstained altar of Trog.
  4016 | D:4      | Noticed an orc warrior
  4347 | D:4      | Reached XP level 6. HP: 45/50 MP: 5/9
  4564 | D:4      | Found a glowing golden altar of the Shining One.
  5389 | D:4      | Killed from afar by an orc priest

Skill      XL: |  1  2  3  4  5  6 |
---------------+-------------------+-----
Fire Magic     | 4 5 |  5.0
Fighting       | 1 2 3 |  3.4
Conjurations   | 2 3 4 |  4.8
Dodging        | |  1.7
Stealth        | |  1.7
Spellcasting   | |  2.0

Action                   |  1- 3 |  4- 6 || total
-------------------------+-------+-------++-------
Melee: Unarmed           |     9 |       ||     9
       Spear             |    73 |   248 ||   321
       Tailslap          |     4 |    15 ||    19
 Cast: Flame Tongue      |    52 |   105 ||   157
       Conjure Flame     |       |     1 ||     1
  Use: Scroll            |       |     2 ||     2
       Potion            |       |     1 ||     1
 Stab: Sleeping          |     2 |     1 ||     3
  Eat: Chunk             |     4 |    14 ||    18
Armor: Skin              |    46 |   102 ||   148
Dodge: Dodged            |    75 |   143 ||   218
